 Dungeon Crawl Stone Soup version 0.23.2-33-g5129a83184 (webtiles) character file.

Game seed: 3830951210359393439

39 AarnesTheHuman the Gusty (level 3, -1/42 HPs)
             Began as a Draconian Air Elementalist on July 31, 2019.
             Slain by an adder (5 damage)
             ... on level 3 of the Dungeon.
             The game lasted 00:04:48 (1563 turns).

AarnesTheHuman the Gusty (DrAE)                     Turns: 1563, Time: 00:04:49

Health: -1/42      AC:  5    Str: 15    XL:     3   Next: 26%
Magic:  6/6        EV: 12    Int: 16    God:
Gold:   82         SH:  0    Dex: 11    Spells: 2/6 levels left

rFire    . . .     SeeInvis .   m - +0 hand axe
rCold    . . .     Gourm    .   (no shield)
rNeg     . . .     Faith    .   (armour unavailable)
rPois    .         Spirit   .   (helmet restricted)
rElec    .         Reflect  .   (no cloak)
rCorr    .         Harm     .   (no gloves)
MR       .....                  (no boots)
Stlth    ..........             g - amulet of rage
HPRegen  0.14/turn              (no ring)
MPRegen  0.10/turn              (no ring)

@: berserking, lethally poisoned (-1 -> -14), very quick
A: unfitting armour, cold-blooded, AC +5
a: Evoke Berserk Rage


You were on level 3 of the Dungeon.
You were hungry.

You visited 1 branch of the dungeon, and saw 4 of its levels.

You collected 82 gold pieces.

Inventory:

Hand Weapons
 m - a +0 hand axe (weapon)
Jewellery
 g - an amulet of rage (around neck)
Wands
 j - a wand of disintegration (22)
Scrolls
 d - a scroll of immolation {unknown}
 e - a scroll of remove curse
 h - a scroll of blinking {unknown}
 l - a scroll of magic mapping {unknown}
Potions
 f - a potion of flight {unknown}
 i - 2 potions of curing {unknown}
Comestibles
 b - 2 rations


   Skills:
 + Level 1.4 Fighting
 - Level 1.7 Dodging
 - Level 1.7 Stealth
 + Level 2.4 Spellcasting
 + Level 1.6 Conjurations
 + Level 3.4 Air Magic


You had 2 spell levels left.
You knew the following spells:

 Your Spells              Type           Power        Failure   Level  Hunger
a - Shock                 Conj/Air       ##..         7%          1    #......
b - Static Discharge      Conj/Air       ##......     22%         3    ###....

Your spell library contained the following spells:

 Spells                   Type           Power        Failure   Level  Hunger
 Swiftness                Chrm/Air       #.......     16%         2    ###....
 Airstrike                Air            ##........   43%         4    #####..
 Lightning Bolt           Conj/Air       ##........   89%         5    ######.


Dungeon Overview and Level Annotations

Branches:
Dungeon (4/15)
 Temple: D:4-7

Altars:
Wu Jian


Innate Abilities, Weirdness & Mutations

Your plain brown scales are hard. (AC +5)
You cannot fit into any form of body armour.
You are cold-blooded and may be slowed by cold attacks.


Message History

The adder closely misses you.
You feel sick.
A red film seems to cover your vision as you go berserk!
You feel yourself moving faster!
You feel mighty!
You are feeling hungry.
The adder bites you.
* * * LOW HITPOINT WARNING * * *
The worker ant bites you but does no damage.
You barely miss the worker ant.
Your tail-slap misses the worker ant.
You miss the adder.
You feel sick. The adder misses you. The worker ant bites you!
* * * LOW HITPOINT WARNING * * *
You are lethally poisoned!
The worker ant poisons you!
You slash the worker ant!
The worker ant is heavily wounded.
You slash the adder!
* * * LOW HITPOINT WARNING * * *
You feel sick. The adder bites you.
You die...

....
.....
......#+#
......#.#
......#.#
....#.#
#...#
#.@# #Sa#
######..#
.......>#
#########


You could see a worker ant and an adder.

Vanquished Creatures
  2 dart slugs (D:1)
  2 leopard geckos (D:1)
  3 bats (D:1)
  4 giant cockroaches
  4 hobgoblins (D:1)
  4 kobolds
  A quokka (D:2)
  4 frilled lizards
  6 rats
30 creatures vanquished.

Notes
Turn   | Place    | Note
-------+----------+-------------------------------------------
     0 | D:1      | AarnesTheHuman the Draconian Air Elementalist began the
                  | quest for the Orb.
     0 | D:1      | Reached XP level 1. HP: 14/14 MP: 3/3
   249 | D:1      | Reached XP level 2. HP: 16/22 MP: 0/5
   456 | D:1      | Reached skill level 1 in Fighting
   611 | D:1      | Reached XP level 3. HP: 25/28 MP: 1/6
   616 | D:1      | Learned a level 3 spell: Static Discharge
   946 | D:2      | Found an ornate altar of the Wu Jian Council.
  1535 | D:3      | You fall through a shaft!
  1563 | D:3      | Slain by an adder

Skill      XL: |  1  2 |
---------------+-------+-----
Fighting       | 1 |  1.4
Dodging        | |  1.7
Stealth        | |  1.7
Spellcasting   | |  2.4
Conjurations   | |  1.6
Air Magic      | |  3.4

Action                   || total
-------------------------++-------
Melee: Club              ||    57
       Tailslap          ||     3
       Unarmed           ||     2
       Hand axe          ||     6
 Cast: Shock             ||    46
 Abil: Evoke Berserk Rag ||     1
  Use: Scroll            ||     3
  Eat: Chunk             ||     3
Armor: Skin              ||    18
Dodge: Dodged            ||    71
